 Dungeon Crawl Stone Soup version 0.29-a0-555-g3b24f45cc1 (webtiles) character file.

Game seed: 10696139838523219928

20 Aapotti the Sneak (level 3, 0/24 HPs)
             Began as a Human Enchanter on June 8, 2022.
             Slain by Crazy Yiuf
             ... wielding a +3 quarterstaff of chaos
              (2 damage)
             ... on level 2 of the Dungeon.
             The game lasted 00:05:33 (1321 turns).

Aapotti the Sneak (Human Enchanter)                 Turns: 1321, Time: 00:05:33

Health: 0/24       AC:  2    Str:  8    XL:     3   Next: 0%
Magic:  4/6        EV: 12    Int: 21    God:
Gold:   85         SH:  0    Dex: 15    Spells: 4/6 levels left

rFire   . . .      SeeInvis .   a - +1 dagger
rCold   . . .      Faith    .   (no shield)
rNeg    . . .      Spirit   .   b - +0 robe
rPois   .          Reflect  .   (no helmet)
rElec   .          Harm     .   (no cloak)
rCorr   .          Rampage  .   (no gloves)
Will    .....                   (no boots)
Stlth   ++........              (no amulet)
HPRegen 0.08/turn               f - +6 ring of intelligence
MPRegen 0.10/turn               (no ring)

@: invisible
A: no striking features
a: no special abilities


You were on level 2 of the Dungeon.
You visited 1 branch of the dungeon, and saw 2 of its levels.

You collected 85 gold pieces.

Inventory:

Hand Weapons
 a - a +1 dagger (weapon)
Missiles
 m - 4 poisoned darts (quivered)
Armour
 b - a +0 robe (worn)
Jewellery
 f - a +6 ring of intelligence (left hand)
Scrolls
 e - 3 scrolls of identify {unknown}
 g - a scroll of silence {unknown}
 i - a scroll of enchant weapon {unknown}
 j - a scroll of vulnerability {unknown}
 k - a scroll of poison {unknown}
Potions
 c - a potion of cancellation {unknown}
 d - a potion of ambrosia {unknown}
 h - a potion of mutation {unknown}
 l - 3 potions of flight {unknown}


   Skills:
 + Level 1.4 Short Blades
 + Level 2.2 Dodging
 + Level 3.2 Stealth
 + Level 2.2 Spellcasting
 + Level 3.2 Hexes


You had 4 spell levels left.
You knew the following spells:

 Your Spells              Type           Power      Damage    Failure   Level
a - Ensorcelled Hibernat  Hex/Ice        18%        N/A       12%         2

Your spell library contained the following spells:

 Spells                   Type           Power      Damage    Failure   Level
 Confusing Touch          Hex            15%        N/A       12%         3
 Tukima's Dance           Hex            15%        N/A       12%         3
 Dazzling Flash           Conj/Hex       18%        N/A       22%         3


Dungeon Overview and Level Annotations

Branches:
Dungeon (2/15)

Altars:

Annotations:
D:2 Crazy Yiuf


Message History

The bat closely misses you.
You hit the bat.
You kill the bat!
You see here a bat corpse.
There is a stone staircase leading down here.
Found a robe.
You now have 85 gold pieces (gained 10).
A bat comes into view.
Found a lumpy emerald potion.
The bat moves out of view.
The bat hits you but does no damage.
You miss the bat. The bat closely misses you.
You hit the bat.
You kill the bat!
You have reached level 3!
Your experience leads to an increase in your attributes!
Your base attributes are Str 8, Int 15, Dex 13.
Increase (S)trength, (I)ntelligence, or (D)exterity?
You feel agile. x2
You see here a bat corpse.
l - 3 lumpy emerald potions (gained 1)
You see here a bat corpse.
Found a mace.
Found a mace.
Found a mace.
Found a masterwork mace.
Found a runed translucent door.
As you open the door, it creaks loudly!
You fade into invisibility!
Crazy Yiuf misses you.
There is an open translucent door here.
You hit Crazy Yiuf but do no damage.
Crazy Yiuf hits you with a +3 quarterstaff of chaos!
Ouch! That really hurt!
* * * LOW HITPOINT WARNING * * *
You feel your power leaking away.
You hit Crazy Yiuf.
Crazy Yiuf is lightly wounded.
Crazy Yiuf hits you with a +3 quarterstaff of chaos.
* * * LOW HITPOINT WARNING * * *
Crazy Yiuf freezes you.
You die...

.......######..........#######
#.
#.######.....................#
#.
#.######.#############.#####.#
#. #.....##.#.# ### #.# #.
#.###......# ##### #.# #. #.#
####.#.# #..)# #.# #. #.#
#.### #...# #.# #. #.# #.#
#.g.# #.#### #.# ###.# #@#
######...## #.# #...# ##.#
#........... #.####.##### #.##
#########.## ..##.......# ##.#
#.# #.##.#.##### #.## #.#
#....#.....# ##.## #.#
...######### #.).## #.# ##.#
#).#.# ####.# #.# #....#
#....#


You could see Crazy Yiuf (can't see you).

Vanquished Creatures
  A dart slug (D:2)
  A goblin (D:2)
  A hobgoblin (D:1)
  4 jackals (D:1)
  A ball python (D:2)
  5 bats
  A frilled lizard (D:1)
  2 kobolds
  2 rats
18 creatures vanquished.

Notes
Turn   | Place    | Note
-------+----------+-------------------------------------------
     0 | D:1      | Aapotti the Human Enchanter began the quest for the Orb.
     0 | D:1      | Reached XP level 1. HP: 13/13 MP: 3/3
   156 | D:1      | Found a faded altar of an unknown god.
   619 | D:1      | Reached XP level 2. HP: 15/19 MP: 5/5
   622 | D:1      | Learned a level 2 spell: Ensorcelled Hibernation
  1245 | D:2      | Reached XP level 3. HP: 24/24 MP: 6/6
  1313 | D:2      | Found a runed translucent door.
  1314 | D:2      | Noticed Crazy Yiuf
  1321 | D:2      | Slain by Crazy Yiuf

Illustrated notes

Levels and vault maps discovered:
D:1:      lightli_arrival_maybe_door_vault, layout_basic,
          hellmonk_ecumenical_altar_blasted
D:2:      layout_loops_ring, uniq_crazy_yiuf_cottage

Action                   || total
-------------------------++-------
Melee: Dagger            ||    67
Throw: Dart              ||     1
 Cast: Ensorcelled Hiber ||     2
  Use: Potion            ||     3
 Stab: Invisible         ||     3
       Sleeping          ||     2
Armor: Robe              ||    26
Dodge: Dodged            ||    50

Table legend: (Time is in decaauts)
 A = Elapsed time spent in this place.
 B = Non-inter-level travel time spent in this place.
 C = Inter-level travel time spent in this place.
 D = Time resting spent in this place.
 E = Time spent auto-exploring this place.
 F = Levels seen in this place.
 G = Mean time per level.
                   A        B        C        D        E       F      G
               +--------+--------+--------+--------+--------+-----+--------+
         Total |   1316 |   1316 |      0 |    171 |    623 |   2 |  658.0 |
       Dungeon |   1316 |   1316 |      0 |    171 |    623 |   2 |  658.0 |
               +--------+--------+--------+--------+--------+-----+--------+

Top non-repeatable levels by time:
     D:1: 750 daAuts
     D:2: 566 daAuts
